 Dungeon Crawl Stone Soup version 0.21.1-1-g345015f (webtiles) character file.

49 kae the Insei (level 3, -3/26 HPs)
             Began as a Demonspawn Transmuter on May 19, 2018.
             Slain by an adder (5 damage)
             ... on level 2 of the Dungeon.
             The game lasted 00:01:35 (1348 turns).

kae the Insei (Demonspawn Transmuter)               Turns: 1348, Time: 00:01:35

Health: -3/26      AC:  2    Str: 10    XL:     3   Next: 51%
Magic:  5/6        EV: 12    Int: 14    God:
Gold:   26         SH:  0    Dex: 14    Spells: 5/6 levels left

rFire    . . .     SeeInvis .     - Unarmed
rCold    . . .     Gourm    .   (no shield)
rNeg     . . .     Faith    +   b - +0 robe
rPois    .         Spirit   .   (no helmet)
rElec    .         Reflect  .   (no cloak)
rCorr    .         Harm     .   (no gloves)
MR       .....                  (no boots)
Stlth    +.........             e - amulet of faith
HPRegen  0.08/turn              g - ring of flight
MPRegen  0.10/turn              (no ring)

@: lethally poisoned (-3 -> -11), appendage
A: horns 2, demonic guardian 1
a: End Transformation, Evoke Flight


You were on level 2 of the Dungeon.
You were hungry.
You had grown temporary horns.
You visited 1 branch of the dungeon, and saw 2 of its levels.

You collected 26 gold pieces.

Inventory:

Missiles
 a - 12 arrows
Armour
 b - a +0 robe (worn)
Jewellery
 e - an amulet of faith (around neck)
 g - a ring of flight (left hand)
Wands
 m - a wand of polymorph (17)
Scrolls
 f - a scroll of blinking {unknown}
 h - a scroll of amnesia {unknown}
 j - a scroll of identify {unknown}
 l - a scroll of magic mapping {unknown}
 o - a scroll of remove curse {unknown}
Potions
 i - a potion of invisibility {unknown}
 n - a potion of magic {unknown}
Books
 c - a book of Changes

   Spells                             Type                      Level
   a - Beastly Appendage              Transmutation                1
   b - Sticks to Snakes               Transmutation                2
   c - Spider Form                    Transmutation/Poison         3
   d - Ice Form                       Ice/Transmutation            4
   e - Blade Hands                    Transmutation                5
Comestibles
 d - 2 rations


   Skills:
 + Level 1.5 Fighting
 - Level 1.7 Dodging
 * Level 3.2 Unarmed Combat
 + Level 2.4 Spellcasting
 * Level 2.4 Transmutations


You had 5 spell levels left.
You knew the following spells:

 Your Spells              Type           Power        Failure   Level  Hunger
a - Beastly Appendage     Tmut           #.....       9%          1    #......


Dungeon Overview and Level Annotations

Branches:
Dungeon (2/15)

Altars:
The Shining One


Innate Abilities, Weirdness & Mutations

A weak demonic guardian rushes to your aid.
You have a pair of horns on your head.


Message History

You hit the adder but do no damage.
The adder is almost dead.
The adder bites you.
You barely miss the adder.
The adder is almost dead.
The adder bites you.
* * * LOW HITPOINT WARNING * * *
You closely miss the adder.
The adder is almost dead.
The adder bites you.
* * * LOW HITPOINT WARNING * * *
You are poisoned.
The adder poisons you!
You barely miss the adder.
The adder is almost dead.
You feel sick. The adder bites you.
* * * LOW HITPOINT WARNING * * *
You are more poisoned.
The adder poisons you! The adder bites you.
You die...

#.............
..
#.............
#####
#.............
.....
#..r.S........
.....
#.............
#########
#.............
#......#
######....####
#.####.#
#.###########.#
#.#
#.rS@.........#
#.#
###############
#.# #.## #...
####


You could see an adder and a rat.

Vanquished Creatures
  An adder (D:2)
  A dart slug (D:2)
  A ball python (D:1)
  3 giant cockroaches
  7 goblins
  3 hobgoblins (D:1)
  3 jackals (D:2)
  3 kobolds
  A quokka (D:2)
  3 bats
  4 frilled lizards
  4 rats
34 creatures vanquished.

Notes
Turn   | Place    | Note
-------+----------+-------------------------------------------
     0 | D:1      | kae the Demonspawn Transmuter began the quest for the Orb.
     0 | D:1      | Reached XP level 1. HP: 15/15 MP: 3/3
   129 | D:1      | Gained mutation: A weak demonic guardian rushes to your aid. [demonic ancestry]
   129 | D:1      | Reached XP level 2. HP: 4/21 MP: 5/5
   496 | D:1      | Reached skill level 3 in Unarmed Combat
   711 | D:1      | Found a glowing golden altar of the Shining One.
   828 | D:2      | Reached XP level 3. HP: 21/26 MP: 4/6
  1348 | D:2      | Slain by an adder

Skill      XL: |  1  2 |
---------------+-------+-----
Transmutations | 2 |  2.4
Unarmed Combat | 3 |  3.2
Fighting       | |  1.5
Dodging        | |  1.7
Spellcasting   | |  2.4

Action                   || total
-------------------------++-------
Melee: Unarmed           ||   102
       Headbutt          ||    13
       Kick              ||     2
 Cast: Beastly Appendage ||    17
  Eat: Chunk             ||     1
Armor: Robe              ||    20
Dodge: Dodged            ||    56
